Workbook

Sheet Financial Data
A1: Metric | B1: 2020 | C1: 2021 | D1: 2022 | E1: 2023 | F1: 2024
A2: Revenue | B2: 4307 | C2: 5788 | D2: 8773 | E2: 10235 | F2: 11174
A3: Net Income/(Loss) | B3: -720 | C3: 407 | D3: 1257 | E3: 1151 | F3: 1539
A4: Operating Income | B4: -418 | C4: 1010 | D4: 2094 | E4: 2225 | F4: 2370
A5: Total Assets | B5: 16755 | C5: 15441 | D5: 15512 | E5: 15401 | F5: 16522
A6: Current Assets | B6: 4202 | C6: 2871 | D6: 2870 | E6: 2614 | F6: 3272
A7: Current Liabilities | B7: 2431 | C7: 3019 | D7: 3372 | E7: 3722 | F7: 4700
A8: Total Debt | B8: 10487 | C8: 9636 | D8: 9579 | E8: 10004 | F8: 11886
A9: Shareholders' Equity | B9: -1490 | C9: -819 | D9: -1098 | E9: -2347 | F9: -3689
A10: Cash & Equivalents | B10: 3218 | C10: 1427 | D10: 1209 | E10: 800 | F10: 1301
A11: Operating Cash Flow | B11: 708 | C11: 109 | D11: 1681 | E11: 1946 | F11: 2013

Sheet Ratio Analysis
A1: Ratio | B1: 2020 | C1: 2021 | D1: 2022 | E1: 2023 | F1: 2024 | G1: Interpretation
A2: Current Ratio | B2: =B6/B7 | C2: =C6/C7 | D2: =D6/D7 | E2: =E6/E7 | F2: =F6/F7 | G2: Short-term liquidity
A3: Quick Ratio (approx.) | B3: =((B9)+B10)/B7 | C3: =((C9)+C10)/C7 | D3: =((D9)+D10)/D7 | E3: =((E9)+E10)/E7 | F3: =((F9)+F10)/F7 | G3: Liquid assets / current liabilities
A4: Cash Ratio | B4: =B10/B7 | C4: =C10/C7 | D4: =D10/D7 | E4: =E10/E7 | F4: =F10/F7 | G4: Cash / current liabilities
A5: Net Profit Margin | B5: =B3/B2 | C5: =C3/C2 | D5: =D3/D2 | E5: =E3/E2 | F5: =F3/F2 | G5: Net income / revenue
A6: Operating Profit Margin | B6: =B4/B2 | C6: =C4/C2 | D6: =D4/D2 | E6: =E4/E2 | F6: =F4/F2 | G6: Operating income / revenue
A7: ROA | B7: =B3/AVERAGE(B5,B5) | C7: =C3/AVERAGE(B5,C5) | D7: =D3/AVERAGE(C5,D5) | E7: =E3/AVERAGE(D5,E5) | F7: =F3/AVERAGE(E5,F5) | G7: Net income / average assets
A8: Debt-to-Assets | B8: =B8/B5 | C8: =C8/C5 | D8: =D8/D5 | E8: =E8/E5 | F8: =F8/F5 | G8: Total debt / total assets
A9: Interest Coverage | B9: =-418/429 | C9: =1010/397 | D9: =2094/415 | E9: =2225/464 | F9: =2370/569 | G9: Operating income / interest expense
A10: Asset Turnover | B10: =B2/AVERAGE(B5,B5) | C10: =C2/AVERAGE(B5,C5) | D10: =D2/AVERAGE(C5,D5) | E10: =E2/AVERAGE(D5,E5) | F10: =F2/AVERAGE(E5,F5) | G10: Revenue / average assets
A11: OCF Margin | B11: =B11/B2 | C11: =C11/C2 | D11: =D11/D2 | E11: =E11/E2 | F11: =F11/F2 | G11: Operating cash flow / revenue
A12: OCF-to-Debt | B12: =B11/B8 | C12: =C11/C8 | D12: =D11/D8 | E12: =E11/E8 | F12: =F11/F8 | G12: Operating cash flow / debt
A13: OCF-to-Net Income | B13: =B11/B3 | C13: =C11/C3 | D13: =D11/D3 | E13: =E11/D3 | F13: =F11/F3 | G13: Operating cash flow / net income

Sheet Growth Analysis
A1: Metric | B1: 2020 | C1: 2021 | D1: 2022 | E1: 2023 | F1: 2024
A2: Revenue Growth | C2: =C2/B2-1 | D2: =D2/C2-1 | E2: =E2/D2-1 | F2: =F2/E2-1
A3: Revenue | B3: =Financial Data!B2 | C3: =Financial Data!C2 | D3: =Financial Data!D2 | E3: =Financial Data!E2 | F3: =Financial Data!F2

Sheet Summary
A1: HILTON WORLDWIDE HOLDINGS INC.
A2: Five-Year Ratio Analysis | B2: 2020–2024
A3: Area | B3: 2020 | C3: 2021 | D3: 2022 | E3: 2023 | F3: 2024
A4: Liquidity | B4: Strong | C4: Weakening | D4: Weak | E4: Weak | F4: Weak/Moderate
A5: Profitability | B5: Very Weak | C5: Recovering | D5: Strong | E5: Strong | F5: Strong
A6: Solvency | B6: High leverage | C6: High leverage | D6: High leverage | E6: Higher leverage | F6: Highest leverage
A7: Efficiency | B7: Weak | C7: Improving | D7: Strong | E7: Strong | F7: Strong
A8: Cash Generation | B8: Moderate | C8: Very weak | D8: Strong | E8: Strong | F8: Strong
A9: Overall | B9: Pandemic impact | C9: Recovery | D9: Strong recovery | E9: Strong | F9: Strong but leveraged
A11: Key 2024 Ratios
A12: Current Ratio | B12: =Ratio Analysis!F2
A13: Net Profit Margin | B13: =Ratio Analysis!F5
A14: Operating Margin | B14: =Ratio Analysis!F6
A15: ROA | B15: =Ratio Analysis!F7
A16: Debt-to-Assets | B16: =Ratio Analysis!F8
A17: Interest Coverage | B17: =Ratio Analysis!F9
A18: Asset Turnover | B18: =Ratio Analysis!F10
A19: OCF Margin | B19: =Ratio Analysis!F11
A20: OCF-to-Debt | B20: =Ratio Analysis!F12

Sheet Notes
A1: Notes / Methodology
A2: All amounts are USD millions unless otherwise stated.
A3: The quick ratio is an approximation using cash plus accounts receivable divided by current liabilities.
A4: Debt-to-equity is not calculated because Hilton reported negative shareholders' equity throughout 2020–2024.
A5: ROA and asset turnover use average total assets; 2020 uses ending assets because prior-year data is not included here.
A6: Interest coverage uses operating income divided by reported interest expense figures used in the analysis.
A7: The workbook is designed for academic/financial analysis and should be checked against Hilton's audited filings before formal submission.
